 Dungeon Crawl Stone Soup version 0.16.0-11-gd45b091 (webtiles) character file.

40 Chiseanne the Grasshopper (level 3, 0/21 HPs)
             Began as a Deep Elf Warper on Mar 17, 2015.
             Slain by a jackal (3 damage)
             ... on level 1 of the Dungeon.
             The game lasted 00:04:40 (1286 turns).

Chiseanne the Grasshopper (Deep Elf Warper)         Turns: 1286, Time: 00:04:41

Health: 0/21       AC:  4    Str:  9    XL:     3   Next: 30%
Magic:  6/11       EV: 12    Int: 17    God:
Gold:   45         SH:  0    Dex: 14    Spells: 3 memorised, 3 levels left

rFire  . . .     SeeInvis .     i - -1 short sword (curse)
rCold  . . .     Clarity  .     b - +0 leather armour
rNeg   . . .     SustAb   .     (no shield)
rPois  .         Gourm    .     (no helmet)
rElec  .         Spirit   .     (no cloak)
rCorr  .         Warding  .     j - +0 pair of gloves (curse)
rMut   .         Stasis   .     (no boots)
MR     .....                    (no amulet)
Stlth  +.........               (no ring)
                                (no ring)

@: not resistant to hostile enchantments, very unstealthy
A: no striking features
a: no special abilities


You were on level 1 of the Dungeon.
You were hungry.

You visited 1 branch of the dungeon, and saw 1 of its levels.

You collected 45 gold pieces.

Inventory:

Hand weapons
 a - a +0 hand axe
 g - a +1 dagger of speed
 i - a cursed -1 short sword (weapon)
Missiles
 e - 3 tomahawks of dispersal (quivered)
 h - 18 poisoned needles
 l - 10 stones
 m - 26 arrows
Armour
 b - a +0 leather armour (worn)
 j - a cursed +0 pair of gloves (worn)
Scrolls
 d - a scroll of blinking
Potions
 n - a potion of curing {unknown}
Books
 c - a book of Spatial Translocations

   Spells                             Type                      Level
   a - Apportation                    Translocation                1
   b - Blink                          Translocation                2
   c - Shroud of Golubria             Charms/Translocation         2
   d - Portal Projectile              Translocation                3
   e - Teleport Other                 Translocation                3
   f - Passage of Golubria            Translocation                4
Comestibles
 f - a bread ration
 k - a beef jerky


   Skills:
 * Level 1.7 Fighting
 - Level 1.5 Axes
 - Level 1.1 Throwing
 - Level 0.7 Armour
 * Level 3.2 Dodging
 * Level 3.4 Spellcasting
 * Level 4.0 Translocations


You had 3 spell levels left.
You knew the following spells:

 Your Spells              Type           Power        Failure   Level  Hunger
a - Apportation           Tloc           ###.......   6%          1    None
b - Blink                 Tloc           N/A          10%         2    ##.....
c - Shroud of Golubria    Chrm/Tloc      #.........   17%         2    ##.....


Dungeon Overview and Level Annotations

Branches:
Dungeon (1/15)

Altars:


Message History

You barely miss the jackal.
The jackal is severely wounded.
The jackal barely misses you. x2
The jackal closely misses you.
You hit the jackal but do no damage.
The jackal is severely wounded.
The jackal barely misses you. x3
You closely miss the jackal.
The jackal is heavily wounded.
The jackal misses you. The jackal closely misses you.
The jackal bites you but does no damage.
You closely miss the jackal.
The jackal is heavily wounded.
Your shroud bends the jackal's attack away.
The jackal bites you but does no damage.
The jackal barely misses you.
You hit the jackal.
You kill the jackal!
The jackal bites you.
You die...

...## ...)###
###...#####
#.#.....###########
#.............h...# #
#.###+#######'###.# #
#.#..⌠...>...⌠..#w# #
#.#......<......#.# #
#.'⌠....###..†@⌠+.#
###.#..........h..#.#
....#######'#######.#
....#.............#.#
##..#......J......#.##
....#.............#..#
....###############..#
.....................#
........#####.#####..#


You could see a jackal.

Vanquished Creatures
  2 giant geckos (D:1)
  6 giant cockroaches (D:1)
  4 hobgoblins (D:1)
  7 jackals (D:1)
  An ooze (D:1)
  3 bats (D:1)
  A giant newt (D:1)
  3 goblins (D:1)
  3 kobolds (D:1)
  6 rats (D:1)
36 creatures vanquished.

Notes
Turn   | Place    | Note
--------------------------------------------------------------
     0 | D:1      | Chiseanne, the Deep Elf Warper, began the quest for the Orb.
     0 | D:1      | Reached XP level 1. HP: 12/12 MP: 5/5
     1 | D:1      | Found a runed door.
   623 | D:1      | Reached XP level 2. HP: 9/17 MP: 8/8
   930 | D:1      | Learned a level 2 spell: Blink
   933 | D:1      | Learned a level 2 spell: Shroud of Golubria
  1218 | D:1      | Reached XP level 3. HP: 21/21 MP: 9/11
  1229 | D:1      | Reached skill level 4 in Translocations
  1286 | D:1      | Slain by a jackal

Action                   || total
-------------------------++-------
Melee: Hand axe          ||    29
       Short sword       ||   123
Throw: Tomahawk          ||     2
 Cast: Apportation       ||     4
       Shroud of Golubri ||     7
  Use: Scroll            ||     2
       Potion            ||     1
  Eat: Chunk             ||     1
